 Dungeon Crawl Stone Soup version 0.29.1-15-g9cfb28693d (webtiles) character file.

Game seed: 15383627823265802960

42156 raph the Geomancer (level 14, -6/88 HPs)
             Began as a Gargoyle Earth Elementalist on Apr 8, 2023.
             Was an Elder of Sif Muna.
             Mangled by Rupert
             ... wielding a +1 great sword of pain
              (16 damage)
             ... on level 5 of the Lair of Beasts.
             The game lasted 00:39:28 (28623 turns).

raph the Geomancer (Gargoyle Earth Elementalist)   Turns: 28623, Time: 00:39:28

Health: -6/88      AC: 23    Str: 11    XL:     14   Next: 18%
Magic:  17/36      EV: 12    Int: 28    God:    Sif Muna [****..]
Gold:   2865       SH:  7    Dex: 10    Spells: 2/31 levels left

rFire   + + +      SeeInvis .   x - +1 dagger (elec)
rCold   . . .      Faith    .   M - +3 warlock's mirror {reflect}
rNeg    + . .      Spirit   .   H - +0 acid dragon scales
rPois   ∞          Reflect  +   C - +2 hat {Int+3}
rElec   +          Harm     .   (no cloak)
rCorr   +          Rampage  .   (no gloves)
Will    +....                   p - +2 pair of boots
Stlth   ++........              (no amulet)
HPRegen 0.24/turn               v - +6 ring of intelligence
MPRegen 0.25/turn               L - ring "Kophav" {rF+++ rCorr MP+9 Int-3 Stlth+}

@: channelling, flying
A: sickness immunity, AC +10, big wings, negative energy resistance 1,
electricity resistance, torment resistance 1, petrification resistance
a: Renounce Religion, Channel Magic, Forget Spell, Divine Exegesis


You were on level 5 of the Lair of Beasts.
You worshipped Sif Muna.
Sif Muna was greatly pleased with you.
You visited 2 branches of the dungeon, and saw 16 of its levels.
You also visited: Ossuary and Volcano.

You collected 2865 gold pieces.

Inventory:

Hand Weapons
 f - a +0 dagger of freezing
 l - a +1 short sword of holy wrath
 x - a +1 dagger of electrocution (weapon)
 O - a +1 rapier of venom
Missiles
 h - 39 poisoned darts
 j - 4 throwing nets
Armour
 a - a +0 robe
 k - a +0 helmet
 p - a +2 pair of boots (worn)
 C - a +2 hat of intelligence (worn)
 H - +0 acid dragon scales (worn)
 M - the +3 warlock's mirror (worn) {reflect}
   (You acquired it on level 1 of the Lair of Beasts)

   It can block and reflect piercing ranged attacks and magical attacks against
   the wielder's willpower.
 Q - +0 fire dragon scales
Jewellery
 c - a ring of protection from cold
 u - a +4 ring of evasion
 v - a +6 ring of intelligence (left hand)
 D - a ring of see invisible
 K - a +4 ring of protection
 L - the ring "Kophav" (right hand) {rF+++ rCorr MP+9 Int-3 Stlth+}
   (You acquired it on level 1 of the Lair of Beasts)

   [ring of magical power]

   Int:       It affects your intelligence (-3).
   rF:        It renders you almost immune to fire.
   MP:        It affects your magic capacity (+9).
   rCorr:     It protects you from acid and corrosion.
   Stlth:     It makes you more stealthy.
 N - a ring of protection from cold
Wands
 m - a wand of light (13)
 y - a wand of iceblast (5)
 z - a wand of paralysis (13)
 B - a wand of polymorph (10)
 P - a wand of flame (10)
Scrolls
 t - 8 scrolls of teleportation
 A - 2 scrolls of amnesia
 E - 2 scrolls of enchant weapon
 F - 3 scrolls of identify
 G - a scroll of summoning
 I - 2 scrolls of silence
 J - 3 scrolls of fog
 S - a scroll of immolation
Potions
 b - 6 potions of magic
 d - 3 potions of ambrosia
 g - 2 potions of attraction
 i - 5 potions of heal wounds
 n - 4 potions of haste
 o - 2 potions of mutation
 q - 6 potions of curing
 r - 2 potions of lignification
 s - 6 potions of flight
 w - a potion of brilliance
 R - a potion of cancellation


   Skills:
 + Level 10.8 Fighting
 + Level 5.1 Armour
 + Level 5.8 Dodging
 - Level 2.1 Stealth
 + Level 3.9 Shields
 + Level 9.3 Spellcasting
 * Level 12.0 Conjurations
 - Level 0.7 Transmutations
 * Level 1.4 Ice Magic
 * Level 3.0 Air Magic
 - Level 12.8 Earth Magic
 - Level 9.8 Invocations


You had 2 spell levels left.
You knew the following spells:

 Your Spells              Type           Power      Damage    Failure   Level
a - Sandblast             Erth           100%       2d20      1%          1
b - Passwall              Tmut/Erth      41%        N/A       1%          2
c - Stone Arrow           Conj/Erth      100%       3d13      1%          3
d - Petrify               Tmut/Erth      50%        N/A       4%          4
e - Mephitic Cloud        Conj/Pois/Air  41%        N/A       3%          3
f - Call Imp              Summ           13%        N/A       12%         2
g - Lightning Bolt        Conj/Air       26%        1d42      11%         5
h - Iskenderun's Mystic   Conj/Tloc      46%        2d10      7%          4
i - Freezing Cloud        Conj/Ice/Air   21%        6-21      24%         5

Your spell library contained the following spells:

 Spells                   Type           Power      Damage    Failure   Level
 Magic Dart               Conj           100%       1d8       1%          1
 Static Discharge         Conj/Air       53%        3-10/arc  1%          2
 Necrotise                Necr           52%        1d6       9%          1
 Blink                    Tloc           26%        N/A       12%         2
 Dazzling Flash           Conj/Hex       92%        N/A       1%          3
 Ignite Poison            Fire/Tmut/Pois 14%        N/A       22%         3
 Confusing Touch          Hex            13%        N/A       24%         3
 Gell's Gravitas          Tloc           13%        N/A       24%         3
 Vampiric Draining        Necr           13%        2d6       24%         3
 Passage of Golubria      Tloc           13%        N/A       63%         4
 Starburst                Conj/Fire      23%        6d8       71%         6
 Silence                  Hex/Air        10%        N/A       77%         5
 Yara's Violent Unravell  Hex/Tmut       7%         3d5       89%         5
 Agony                    Necr           13%        N/A       92%         5
 Lehudib's Crystal Spear  Conj/Erth      35%        10d9      97%         8
 Enfeeble                 Hex            6%         N/A       100%        7
 Haunt                    Necr/Summ      6%         N/A       100%        7
 Borgnjor's Revivificati  Necr           6%         N/A       100%        8
 Maxwell's Capacitive Co  Air            15%        ∞         100%        8


Dungeon Overview and Level Annotations

Branches:
Dungeon (11/15)            Temple (0/1) D:5            Lair (5/5) D:11
 Shoals (0/4) Lair:2        Snake (0/4) Lair:3        Slime (0/5) Lair:4
    Orc (0/2) D:11        Ossuary (visited)         Volcano (visited)

Altars:
Cheibriados
Dithmenos
Fedhas
Gozag
Hepliaklqana
Kikubaaqudgha
Nemelex Xobeh
Sif Muna
Uskayaw
Yredelemnul
Zin
Jiyva

Shops:
D:1 (   D:4 =

Annotations:
D:6 1 runed translucent door, amentoraz's ghost, novice TrFi
Lair:5 Rupert


Innate Abilities, Weirdness & Mutations

You are immune to sickness and miasma.
Your stone body is resilient. (AC +10)
You are immune to poison.
Your large and strong wings let you fly.
You resist negative energy. (rN+)
You are resistant to electric shocks. (rElec)
You are resistant to unholy torment.
You are immune to petrification.


Message History

Casting: Iskenderun's Mystic Blast (dangerous; 7% risk of failure)
Confirm with . or Enter, or press ? or * to list all spells.
You erupt in a blast of force!
The mystic blast hits the water moccasin!
The water moccasin is severely wounded.
The water moccasin is knocked back by the mystic blast.
The mystic blast hits Rupert but does no damage.
Rupert is almost dead.
Rupert hits you with a +1 great sword of pain!
* * * LOW HITPOINT WARNING * * *
You writhe in agony.
* * * LOW HITPOINT WARNING * * *
Rupert hits you with a +1 great sword of pain!
* * * LOW HITPOINT WARNING * * *
You writhe in agony.
* * * LOW HITPOINT WARNING * * *
Your magical contamination has completely faded away.
Casting: Iskenderun's Mystic Blast (dangerous; 7% risk of failure)
Confirm with . or Enter, or press ? or * to list all spells.
You erupt in a blast of force!
The mystic blast hits Rupert!
Rupert is almost dead.
Rupert is knocked back by the mystic blast.
Rupert collides with the water moccasin!
The water moccasin is moderately wounded.
Rupert is almost dead.
You hear an angry hiss.
Okay, then.
You feel much better.
Rupert hits you with a +1 great sword of pain!
* * * LOW HITPOINT WARNING * * *
You writhe in agony.
* * * LOW HITPOINT WARNING * * *
The water moccasin completely misses you.
As you read the scroll of fear, it crumbles to dust.
You assume a fearsome visage.
Rupert is unaffected.
The cane toad looks frightened!
The water moccasin looks frightened!
The yak looks frightened! x2; The yak easily resists.
The yak looks frightened!
The water moccasin looks frightened!
Rupert is no longer berserk.
Rupert hits you with a +1 great sword of pain!
You die...

................
................ .
................ ..
......#.......... ..
P......Y.........P ..
.....P..Y........PP. ..
#......YY.........P.P....
###..###@S...#..PPP..P...
##..###@.....#..P.#.....
#...#.................##
##....S................#
#....F.................#
#......<...............#
#................[........#
P.......P................##
.......P.........##.#.##.##
P.......#.#.#.##.###.####.##


You could see Rupert (slow), 4 yaks, a cane toad (fleeing) and 2 water
moccasins.

Vanquished Creatures
  Gastronok (D:9)
  A fire dragon (Volcano)
  3 hydras
  A catoblepas (Lair:4)
  Nergalle (Lair:3)
  5 sun demons (Volcano)
  Lodul (D:11)
  A lindwurm (Lair:2)
  A cyclops (D:11)
  An ugly thing (D:9)
  5 slime creatures
  2 guardian serpents (D:11)
  4 black mambas
  Maggie (D:10)
  8 cane toads
  A gargoyle (D:11)
  An unseen horror (D:10)
  Psyche (D:8)
  3 rime drakes
  7 komodo dragons
  3 polar bears
  2 trolls
  Prince Ribbit (D:7)
  6 dream sheep (Lair:3)
  24 blink frogs
  2 shadows
  35 yaks
  A wyvern (D:10)
  4 basilisks
  5 steam dragons
  Grum (D:8)
  3 vampire mosquitoes
  2 wargs (D:11)
  2 hell hounds (Volcano)
  5 nagas (Lair:3)
  2 acid dragons
  13 water moccasins
  Duvessa (D:6)
  An orc warrior (D:11)
  2 sky beasts
  An ice beast (D:7)
  A black bear (Lair:4)
  10 ogres
  9 centaurs
  8 wolves
  5 phantoms
  2 elf zombies (Ossuary)
  11 bullfrogs
  4 gnoll sergeants
  3 necrophages
  A wyvern zombie (D:5)
  A scorpion (D:5)
  2 water moccasin zombies (D:5)
  9 wights
  A wyvern skeleton (D:5)
  Dowan (D:6)
  10 killer bees
  A water moccasin skeleton (D:5)
  3 howler monkeys
  4 centaur zombies
  2 bullfrog zombies (D:5)
  2 hounds
  2 jellies
  6 orc priests
  2 human zombies (Ossuary)
  A gnoll bouda (D:7)
  4 bullfrog skeletons (D:5)
  Jessica (D:3)
  4 iguanas
  10 orc wizards
  Natasha (twice) (D:4)
  7 hell rats (Lair:2)
  A killer bee zombie (D:5)
  10 hound zombies
  A hound skeleton (D:5)
  3 mummies (Ossuary)
  A howler monkey zombie (D:5)
  15 gnolls
  8 adders
  3 shadow imps
  An adder zombie (Ossuary)
  3 worms
  4 dart slugs
  26 orcs
  4 ball pythons
  5 endoplasms
  5 giant cockroaches
  7 goblins
  8 hobgoblins
  4 jackals
  2 quokkas
  5 bats
  4 frilled lizards
  2 gnoll zombies (Ossuary)
  2 goblin zombies (Ossuary)
  5 hobgoblin zombies (Ossuary)
  4 jackal zombies (Ossuary)
  9 kobolds
  2 kobold zombies (Ossuary)
  An orc zombie (Ossuary)
  4 quokka zombies (Ossuary)
  7 rats
  3 rat zombies (Ossuary)
453 creatures vanquished.

Vanquished Creatures (others)
  A gnoll (D:8)
  25 fungi
  30 plants
  A withered plant (D:5)
57 creatures vanquished.

Grand Total: 510 creatures vanquished

Notes
Turn   | Place    | Note
-------+----------+-------------------------------------------
     0 | D:1      | raph the Gargoyle Earth Elementalist began the quest for
                  | the Orb.
     0 | D:1      | Reached XP level 1. HP: 10/10 MP: 3/3
   345 | D:1      | Found a faded altar of an unknown god.
   352 | D:1      | Reached XP level 2. HP: 15/15 MP: 3/5
   523 | D:1      | Found Doregus's Antique Weapon Shoppe.
   898 | D:1      | Reached skill level 5 in Earth Magic
   898 | D:1      | Reached XP level 3. HP: 19/19 MP: 2/6
   901 | D:1      | Learned a level 2 spell: Passwall
   905 | D:1      | Learned a level 3 spell: Stone Arrow
  1607 | D:2      | Reached XP level 4. HP: 24/24 MP: 4/7
  2175 | D:3      | Noticed Jessica
  2732 | D:3      | Reached XP level 5. HP: 28/28 MP: 4/8
  2775 | D:3      | Killed Jessica
  3423 | D:3      | You fall into a shaft and drop 1 floor!
  3531 | D:4      | Found Sitsiuw's Jewellery Emporium.
  3640 | D:4      | Found a sand-covered staircase.
  3647 | Ossuary  | Entered an ossuary
  3804 | Ossuary  | Reached XP level 6. HP: 20/32 MP: 4/9
  4146 | Ossuary  | Reached skill level 1 in Fighting
  4146 | Ossuary  | Reached skill level 1 in Conjurations
  4285 | Ossuary  | Reached XP level 7. HP: 38/38 MP: 4/10
  5442 | D:4      | Noticed Natasha
  5445 | D:4      | Killed Natasha
  5606 | D:4      | Noticed Natasha
  5610 | D:4      | Killed Natasha
  5912 | D:3      | Learned a level 4 spell: Petrify
  6425 | D:5      | Entered Level 5 of the Dungeon
  6667 | D:5      | Reached XP level 8. HP: 35/46 MP: 6/13
  7176 | D:5      | Found a shimmering blue altar of Sif Muna.
  7226 | D:5      | Found a shadowy altar of Dithmenos.
  7230 | D:5      | Found a snail-covered altar of Cheibriados.
  7232 | D:5      | Found an ancient bone altar of Kikubaaqudgha.
  7238 | D:5      | Found a hazy altar of Hepliaklqana.
  7267 | D:5      | Became a worshipper of Sif Muna the Loreminder
  7341 | D:5      | Found a hide-covered altar of Uskayaw.
  7483 | D:5      | Found a staircase to the Ecumenical Temple.
  7492 | D:5      | Reached skill level 1 in Invocations
  8228 | D:5      | Reached XP level 9. HP: 52/52 MP: 12/15
  8872 | D:5      | Reached skill level 5 in Fighting
  8874 | D:5      | Reached skill level 5 in Conjurations
  8955 | D:5      | Found a basalt altar of Yredelemnul.
  9391 | D:6      | Noticed amentoraz's ghost (novice TrFi)
  9410 | D:6      | Found a runed translucent door.
  9419 | D:6      | Reached * piety under Sif Muna
  9614 | D:6      | Reached skill level 10 in Earth Magic
  9805 | D:6      | Reached skill level 5 in Spellcasting
 10016 | D:6      | Noticed Dowan
 10018 | D:6      | Killed Dowan
 10040 | D:6      | Noticed Duvessa
 10043 | D:6      | Killed Duvessa
 10987 | D:6      | Found an opulent altar of Gozag.
 10987 | D:6      | Found a sparkling altar of Nemelex Xobeh.
 11111 | D:7      | Found a blossoming altar of Fedhas.
 12106 | D:7      | Found a glowing silver altar of Zin.
 12221 | D:7      | Noticed Prince Ribbit
 12227 | D:7      | Killed Prince Ribbit
 12228 | D:7      | Reached XP level 10. HP: 60/60 MP: 1/18
 12784 | D:8      | Noticed Psyche
 12802 | D:8      | Killed Psyche
 12803 | D:8      | Reached skill level 5 in Invocations
 13340 | D:8      | Noticed Grum
 13757 | D:8      | Reached ** piety under Sif Muna
 14038 | D:8      | Killed Grum
 15838 | D:9      | Noticed Gastronok
 15854 | D:9      | Killed Gastronok
 15855 | D:9      | Reached XP level 11. HP: 65/68 MP: 12/21
 16174 | D:9      | Noticed a purple ugly thing
 16181 | D:9      | Killed a purple ugly thing
 16451 | D:9      | Learned a level 3 spell: Mephitic Cloud
 16454 | D:9      | Learned a level 2 spell: Call Imp
 16481 | D:10     | Entered Level 10 of the Dungeon
 17321 | D:10     | Reached *** piety under Sif Muna
 17624 | D:10     | Noticed Maggie
 17633 | D:10     | Killed Maggie
 17874 | D:11     | Identified the +1 chain mail of Tempters {rElec rF+}
 17877 | D:11     | Found a staircase to the Lair.
 18329 | D:11     | Reached XP level 12. HP: 31/75 MP: 1/23
 19386 | D:11     | Found a staircase to the Orcish Mines.
 19605 | D:11     | Noticed Lodul
 19639 | D:11     | Killed Lodul
 19950 | Lair:1   | Entered Level 1 of the Lair of Beasts
 20465 | Lair:1   | Learned a level 5 spell: Lightning Bolt
 20952 | Lair:1   | Identified 2 scrolls of acquirement
 20952 | Lair:1   | Acquired the +3 warlock's mirror {reflect}
 20952 | Lair:1   | Found the +3 warlock's mirror {reflect}
 20959 | Lair:1   | Acquired the ring "Kophav" {rF+++ rCorr MP+9 Int-3 Stlth+}
 21556 | Lair:2   | Reached skill level 1 in Armour
 21594 | Lair:2   | Reached skill level 1 in Air Magic
 21897 | Lair:2   | Found a dark tunnel.
 21947 | Volcano  | Entered a volcano
 22011 | Volcano  | Noticed a sun demon
 22021 | Volcano  | Killed a sun demon
 22022 | Volcano  | Reached skill level 10 in Conjurations
 22029 | Volcano  | Noticed a sun demon
 22031 | Volcano  | Noticed a sun demon
 22046 | Volcano  | Killed a sun demon
 22376 | Volcano  | Killed a sun demon
 22435 | Volcano  | Noticed a sun demon
 22435 | Volcano  | Noticed a sun demon
 22460 | Volcano  | Reached XP level 13. HP: 82/82 MP: 25/25
 22734 | Volcano  | Noticed a fire dragon
 22757 | Volcano  | Killed a fire dragon
 22758 | Volcano  | Reached skill level 10 in Fighting
 23013 | Lair:2   | Got the Book of the Bloody Voyage
 23014 | Lair:2   | Acquired 1124 gold pieces
 23056 | Lair:2   | Found a staircase to the Shoals.
 23976 | Lair:2   | Reached skill level 1 in Shields
 24154 | Lair:3   | Noticed Nergalle
 24155 | Lair:3   | Reached **** piety under Sif Muna
 24159 | Lair:3   | Reached skill level 5 in Dodging
 24165 | Lair:3   | Killed Nergalle
 24801 | Lair:3   | Learned a level 4 spell: Iskenderun's Mystic Blast
 25016 | Lair:3   | Found a staircase to the Snake Pit.
 26349 | Lair:4   | Found a viscous altar of Jiyva.
 26353 | Lair:4   | Found a staircase to the Slime Pits.
 27212 | Lair:4   | Gained mutation: Your large and strong wings let you fly.
                  | [Gargoyle growth]
 27212 | Lair:4   | Reached XP level 14. HP: 69/88 MP: 5/27
 27747 | Lair:4   | Learned a level 5 spell: Freezing Cloud
 28021 | Lair:5   | Entered Level 5 of the Lair of Beasts
 28083 | Lair:5   | Reached skill level 5 in Armour
 28149 | Lair:5   | Reached skill level 1 in Ice Magic
 28596 | Lair:5   | Noticed Rupert
 28623 | Lair:5   | Mangled by Rupert

Illustrated notes

Levels and vault maps discovered:
D:1:      matt_arrival_refuge, layout_basic, serial_shops, shop,
          shapermc_ecumenical_altar_mp_ritualfount
D:2:      layout_loops_ring, chequers_serial_rivers_large_a
D:3:      minmay_octagon_keep, layout_basic, uniq_jessica
D:4:      layout_basic, enter_ossuary_3, chequers_big_river,
          minmay_shop_enchanted_jewellery, uniq_natasha
D:5:      layout_layer_cave, lemuel_zombie_altar_yredelemnul,
          overflow_temple_1_default, nicolae_overflow_hallway_of_the_gods,
          minmay_temple_entry_statues_fountains, serial_undead, serial_undead_a,
          serial_undead_c, serial_undead_e, serial_undead_c, serial_undead_e,
          serial_undead_c, serial_undead_e, serial_undead_b, nrook_mini_vaults,
          grunt_decor_arrowhead
D:6:      layout_basic, grunt_temple_overflow_opulence,
          hellmonk_ghost_happy_afterlife, uniq_duvessa
D:7:      layout_loops_corners, kennysheep_mini_moat, mainiacjoe_overflow_paths,
          chequers_decorated_corner, st_stairs_6, kennysheep_small_circle,
          uniq_prince_ribbit1
D:8:      layout_basic, dk_noncrumbling_2, uniq_psyche, uniq_grum
D:9:      layout_rooms, uniq_gastronok
D:10:     layout_roguey, serial_corexii_hall, corexii_hall_statues_i,
          corexii_hall_statues_x, st_stairs_14, uniq_maggie
D:11:     nrook_guardian_serpent_snake_passage, layout_small_grid,
          erik_lair_orcish_takeover, orc_0_dummy, uniq_lodul
Lair:1:   layout_regular_city, beast_lair_carwin_3, lemuel_fruit_tree
Lair:2:   layout_long_grid, minmay_shoals_entry_centaurs,
          nicolae_volcano_entry_vermiform
Lair:3:   layout_long_grid, minmay_snake_entry_guardpost_medium,
          grunt_megastairs_5, uniq_nergalle
Lair:4:   layout_roguey, minmay_slime_entry_pillars
Lair:5:   hellmonk_lair_end_abyssal_woods, layout_gridlike, uniq_rupert

Skill      XL: |  1  2  3  4  5  6  7  8  9 10 11 12 13 14 |
---------------+-------------------------------------------+-----
Earth Magic    | 4 5 6 8 9 10 11 12 | 12.8
Fighting       | 1 3 4 6 7 8 9 10 | 10.8
Conjurations   | 1 3 4 6 7 8 10 11 12 | 12.0
Spellcasting   | 3 4 5 6 7 8 9 |  9.3
Invocations    | 2 4 6 7 8 9 |  9.8
Dodging        | 3 4 5 |  5.8
Armour         | 2 4 5 |  5.1
Air Magic      | 1 2 3 |  3.0
Shields        | 3 |  3.9
Ice Magic      | 1 |  1.4
Stealth        | |  2.1
Transmutations | |  0.7

Action                   |  1- 3 |  4- 6 |  7- 9 | 10-12 | 13-15 || total
-------------------------+-------+-------+-------+-------+-------++-------
Melee: Dagger            |    13 |       |    31 |   134 |    52 ||   230
       Short sword       |       |    50 |    47 |       |       ||    97
Throw: Dart              |       |       |       |       |     1 ||     1
 Cast: Sandblast         |    55 |    50 |    45 |    40 |     7 ||   197
       Stone Arrow       |       |    18 |   123 |   308 |   213 ||   662
       Passwall          |       |     1 |       |     3 |       ||     4
       Petrify           |       |       |     4 |    24 |    15 ||    43
       Mephitic Cloud    |       |       |       |     5 |     9 ||    14
       Call Imp          |       |       |       |     1 |     1 ||     2
       Lightning Bolt    |       |       |       |     1 |    46 ||    47
       Iskenderun's Myst |       |       |       |       |    10 ||    10
Invok: Channel Magic     |       |       |       |     8 |    10 ||    18
Evoke: Wand              |       |       |       |       |     1 ||     1
  Use: Scroll            |     4 |     4 |    10 |     7 |     6 ||    31
       Potion            |       |       |       |       |     1 ||     1
 Stab: Sleeping          |     1 |     1 |     1 |       |     1 ||     4
       Petrified         |       |       |       |    48 |     8 ||    56
       Petrifying        |       |       |       |     2 |       ||     2
       Confused          |       |       |       |     1 |       ||     1
Armor: Robe              |    18 |    38 |    69 |    37 |       ||   162
       Acid dragon scale |       |       |       |    44 |   111 ||   155
Dodge: Dodged            |    35 |    76 |   117 |   158 |   110 ||   496
Block: Buckler           |       |       |       |     3 |    80 ||    83
       Reflection        |       |       |       |       |     2 ||     2
